 Dungeon Crawl Stone Soup version 0.31.0-12-g77e489cdc1 (webtiles) character file.

Game seed: 9163075771705849636

41 melchizedek the Grave Robber (level 3, 0/21 HPs)
             Began as a Mummy Necromancer on Feb 23, 2024.
             Was a Believer of Hepliaklqana.
             Slain by a ball python (3 damage)
             ... on level 3 of the Dungeon.
             The game lasted 00:04:56 (1397 turns).

melchizedek the Grave Robber (Mummy Necromancer)    Turns: 1397, Time: 00:04:57

Health: 0/21       AC:  2    Str: 11    XL:     3   Next: 32%
Magic:  4/7        EV: 12    Int: 16    God:    Hepliaklqana [**....]
Gold:   44         SH:  0    Dex: 12    Spells: 4/8 levels left

rFire   x . .        (no weapon)
rCold   + . .        (no shield)
rNeg    + + +        a - +0 robe
rPois   ∞            (no helmet)
rElec   .            (no cloak)
rCorr   .            (no gloves)
SInv    .            (no boots)
Will    .....        (no amulet)
Stlth   ++           (no ring)
HPRegen 0.23/turn    (no ring)
MPRegen 0.10/turn

%: faith
@: no status effects
A: reduced essence, cold resistance 1, negative energy resistance 3, torment
resistance 2, heat vulnerability 1, in touch with death 1, no potions, faith
a: Renounce Religion, Ancestor Life: Knight, Ancestor Life: Battlemage, Ancestor
Life: Hexer, Recall Ancestor, Ancestor Identity


You were on level 3 of the Dungeon.
You worshipped Hepliaklqana.
Hepliaklqana was pleased with you.
You visited 1 branch of the dungeon, and saw 3 of its levels.

You collected 44 gold pieces.

Inventory:

Armour
 a - a +0 robe (worn)
Scrolls
 c - a scroll of silence
 e - a scroll of teleportation {unknown}


   Skills:
 + Level 1.6 Dodging
 + Level 1.6 Stealth
 + Level 3.4 Spellcasting
 + Level 4.8 Necromancy


You had 4 spell levels left.
You knew the following spells:

 Your Spells              Type           Power      Damage    Failure   Level
a - Necrotise             Necr           100%       1d9       2%          1
b - Vampiric Draining     Necr           27%        2d7       8%          3

Your spell library contained the following spells:

 Spells                   Type           Power      Damage    Failure   Level
 Animate Dead             Necr           27%        N/A       26%         4
 Curse of Agony           Necr           27%        N/A       56%         5


Dungeon Overview and Level Annotations

Branches:
Dungeon (3/15)

Altars:
Hepliaklqana


Innate Abilities, Weirdness & Mutations

Your life essence is reduced to manifest your ancestor. (-10% HP)
You are immune to poison.
Your flesh is cold resistant. (rC+)
You are immune to negative energy. (rN+++)
You are immune to unholy pain and torment.
You are vulnerable to heat. (rF-)
You are in touch with the powers of death.
You do not drink.
You have a special connection with the divine. (Faith)


Message History

You start resting.
Magic restored.
You start resting.
HP restored.
You climb upwards.
Your mindless puppet stays behind to rot.
There is a stone staircase leading down here.
You feel a surge of power!
The bat writhes in agony.
You kill the bat!
The dead are flying!
You feel a surge of power!
The gnoll writhes in agony.
Your bat skeleton hits the ball python.
You feel a surge of power!
The gnoll writhes in agony.
Your bat skeleton closely misses the gnoll.
Your bat skeleton hits the gnoll.
The gnoll hits you from afar with a +0 halberd!
Duaenre hits the gnoll.
You can't go up here!
Your bat skeleton hits the gnoll but does no damage.
Your bat skeleton barely misses the gnoll.
Your bat skeleton hits the gnoll but does no damage.
The ball python closely misses you. The ball python grabs you.
You stop descending the stairs.
The ball python constricts you.
The gnoll hits you from afar with a +0 halberd!
Ouch! That really hurt!
* * * LOW HITPOINT WARNING * * *
Duaenre hits the gnoll.
Unknown command.
You escape the ball python's grasp.
Your bat skeleton hits the gnoll but does no damage. x2
Your bat skeleton completely misses the gnoll.
The ball python misses you. x2
Duaenre hits the gnoll but does no damage.
You climb downwards.
There is a stone staircase leading up here.
You are too injured to fight recklessly!
As you read the scroll labelled ZUPRAT ILYDE, it crumbles to dust.
The creatures around you are filled with an inner flame!
It was a scroll of immolation.
The ball python bites you.
You die...

#...#.######...#.#.#
##..#......#...#.#.#
...#......#...#.#.#
###.########...#.#.#
#.. ..!......#.#
#########..###.#.#
#...........#.#
#.###########.#
#.#.S@........#
#...###########
#.### ###


You could see a ball python (inner flame).

Vanquished Creatures
  A gnoll (D:2)
  A dart slug (D:1)
  2 ball pythons
  An endoplasm (D:3)
  A giant cockroach (D:1)
  3 goblins
  A hobgoblin (D:1)
  6 jackals (D:1)
  A kobold (D:2)
  4 bats
  A frilled lizard (D:1)
  3 rats
25 creatures vanquished.

Vanquished Creatures (collateral kills)
  A jackal (D:1)
1 creature vanquished.

Vanquished Creatures (others)
  2 ancestors
2 creatures vanquished.

Grand Total: 28 creatures vanquished

Notes
Turn   | Place    | Note
-------+----------+-------------------------------------------
     0 | D:1      | melchizedek the Mummy Necromancer began the quest for the
                  | Orb.
     0 | D:1      | Reached XP level 1. HP: 13/13 MP: 4/4
   169 | D:1      | Reached XP level 2. HP: 19/19 MP: 2/5
   316 | D:1      | Found a faded altar of an unknown god.
   317 | D:1      | Noticed a glass eye
   319 | D:1      | Noticed a great orb of eyes
   324 | D:1      | Noticed a great orb of eyes
   327 | D:1      | Noticed a shining eye
   362 | D:1      | Prayed at the altar of an unknown god.
   362 | D:1      | Became a worshipper of Hepliaklqana the Forgotten
   362 | D:1      | Reached * piety under Hepliaklqana
   880 | D:1      | Reached ** piety under Hepliaklqana
  1222 | D:2      | Reached XP level 3. HP: 21/21 MP: 0/7
  1239 | D:2      | Identified a scroll of acquirement
  1239 | D:2      | Acquired the Writings on Injury
  1313 | D:3      | Learned a level 3 spell: Vampiric Draining
  1397 | D:3      | Slain by a ball python

Illustrated notes

Levels and vault maps discovered:
D:1:      dpeg_arrival_water_temple_mockup, layout_loops_corners,
          hellmonk_ecumenical_altar_watching_god
D:2:      minmay_diamond_boxcup, layout_rooms
D:3:      layout_basic, nrook_campfire, minmay_lizard_king, uniq_jessica,
          uniq_terence

Skill      XL: |  1  2 |
---------------+-------+-----
Spellcasting   | 3 |  3.4
Dodging        | |  1.6
Stealth        | |  1.6
Necromancy     | |  4.8

Action                     || total
---------------------------++-------
  Melee: Unarmed           ||    11
         Punch             ||     1
   Cast: Necrotise         ||    42
    Use: Scroll            ||     3
   Stab: Sleeping          ||     1
 Armour: Robe              ||    26
  Dodge: Dodged            ||    32
